 Dungeon Sprint DCSS version 0.20.1-1-g8b1a95d (webtiles) character file.

36 JustSomeDude the Conjurer (level 3, -1/30 HPs)
             Began as a Naga Conjurer on Nov 14, 2017.
             Slain by a howler monkey (5 damage)
             ... in the Dungeon (Sprint IX: "|||||||||||||||||||||||||||||").
             The game lasted 00:01:44 (313 turns).

JustSomeDude the Conjurer (Naga Conjurer)            Turns: 313, Time: 00:01:45

Health: -1/30      AC: -2    Str: 10    XL:     3   Next: 37%
Magic:  4/6        EV: 10    Int: 16    God:
Gold:   0          SH:  0    Dex: 11    Spells: 3/6 levels left

rFire    . . .     SeeInvis +   (no weapon)
rCold    . . .     Gourm    .   (no shield)
rNeg     . . .     Faith    .   a - +0 robe
rPois    +         Spirit   .   (no helmet)
rElec    .         Reflect  .   (no cloak)
rCorr    .         Harm     .   (no gloves)
MR       .....     NoTele   +   (no barding)
Stlth    ++........             (no amulet)
Regen    0.1/turn               (no ring)
MPRegen  0.1/turn               (no ring)

@: corroded, very slightly contaminated, very slow
A: see invisible, deformed body, poison resistance, slowness 2, slow metabolism
1, spit poison 1, AC +1
a: Spit Poison


You were in the Dungeon.
You were not hungry.

You visited 1 branch

Inventory:

Armour
 a - a +0 robe (worn)
Books
 b - a book of Conjurations

   Spells                             Type                      Level
   a - Magic Dart                     Conjuration                  1
   b - Searing Ray                    Conjuration                  2
   c - Dazzling Spray                 Conjuration/Hexes            3
   d - Fulminant Prism                Conjuration/Hexes            4
   e - Force Lance                    Conjuration/Translocation    4
   f - Iskenderun's Mystic Blast      Conjuration                  4
Comestibles
 c - a bread ration


   Skills:
 + Level 0.6 Fighting
 + Level 2.1 Dodging
 + Level 4.2 Stealth
 + Level 0.6 Unarmed Combat
 + Level 2.4 Spellcasting
 + Level 6.7 Conjurations


You had 3 spell levels left.
You knew the following spells:

 Your Spells              Type           Power        Failure   Level  Hunger
a - Magic Dart            Conj           ###.         1%          1    #......
b - Searing Ray           Conj           ###...       1%          2    ###....


Dungeon Overview and Level Annotations

Branches:
Dungeon (1/1)

Altars:


Innate Abilities, Weirdness & Mutations

You cannot wear boots.
Your serpentine skin is tough. (AC +1)
You have supernaturally acute eyesight. (SInv)
Armour fits poorly on your strangely shaped body.
Your system is resistant to poisons. (rPois)
You cover ground very slowly.
You have a slow metabolism.
You can spit poison.


Message History

The orc wizard flickers and vanishes for a moment.
The howler monkey barely misses you.
Casting: Magic Dart
Confirm with . or Enter, or press ? or * to list all spells.
Aiming: Searing Ray
Press: ? - help, Shift-Dir - straight line, f - orc priest
Aim: an orc priest, wielding a flail The searing ray misses the howler monkey.
The searing ray hits the orc priest.
The orc priest is heavily wounded. (Press . to maintain the ray.)
The howler monkey hits you.
* * * LOW HITPOINT WARNING * * *
The orc priest begins to cast a cantrip, but forgets the words!
The searing ray misses the howler monkey.
The searing ray hits the orc priest.
The orc priest is almost dead.
The howler monkey hoots and howls with incredible vigour!
The howler monkey hits you.
You die...

▓'▓
▓.▓
▓Z▓
▓o▓
▓.▓
▓.▓
▓o▓
▓h▓
▓@▓
▓.▓
▓<▓
▓▓▓


You could see a howler monkey, an orc priest, an orc wizard (invisible) and a
bat zombie.

Vanquished Creatures
  A jelly (D)
  2 giant cockroaches (D)
  A hobgoblin (D)
  A kobold (D)
  A frilled lizard (D)
6 creatures vanquished.

Notes
Turn   | Place    | Note
-------+----------+-------------------------------------------
     0 | D        | JustSomeDude the Naga Conjurer began the quest for the Orb.
     0 | D        | Reached XP level 1. HP: 15/15 MP: 3/3
    27 | D        | Reached skill level 5 in Conjurations
   300 | D        | Noticed an orc wizard
   300 | D        | Noticed an orc priest
   300 | D        | Noticed a howler monkey
   300 | D        | Noticed a jelly
   307 | D        | Killed a jelly
   307 | D        | Reached skill level 6 in Conjurations
   307 | D        | Reached XP level 2. HP: 5/24 MP: 1/5
   307 | D        | Reached XP level 3. HP: 7/30 MP: 1/6
   311 | D        | Learned a level 2 spell: Searing Ray
   313 | D        | Slain by a howler monkey

Skill      XL: |  1 |
---------------+----+-----
Conjurations   | 6 |  6.7
Dodging        | 2 |  2.1
Stealth        | 4 |  4.2
Fighting       | |  0.6
Unarmed Combat | |  0.6
Spellcasting   | |  2.4

Action                   || total
-------------------------++-------
Melee: Unarmed           ||    16
 Cast: Magic Dart        ||     9
       Searing Ray       ||     1
 Abil: Spit Poison       ||     1
  Use: Potion            ||     6
       Scroll            ||     1
Armor: Robe              ||     2
Dodge: Dodged            ||     7
